 Dungeon Crawl Stone Soup version 0.13.1-27-ga479965 (webtiles) character file.

661117 Chiseanne the Archmage (level 27, 0/209 HPs)
             Began as a Black Draconian Fire Elementalist on Feb 6, 2014.
             Was the Champion of Vehumet.
             Killed from afar by an orb of fire (48 damage)
             ... with a fireball
             ... on Level 2 of the Realm of Zot on Feb 8, 2014.
             The game lasted 14:24:08 (151962 turns).

Chiseanne the Archmage (DrFE)                     Turns: 151962, Time: 14:24:08

HP   0/209       AC 24     Str 11      XL: 27
MP  19/49        EV 28     Int 35      God: Vehumet [******]
Gold 6179        SH 12     Dex 17      Spells: 18 memorised,  0 levels left

Res.Fire  : + . .   See Invis. : +   m - ornate deck of changes {drawn: 5}
Res.Cold  : . . .   Warding    : .   (armour unavailable)
Life Prot.: + . .   Conserve   : .   s - -3 buckler of Hadjma {+Blink rPois MR++}
Res.Poison: +       Res.Corr.  : .   q - +3 crown of Dyrovepreva {Hunger rElec Int+2 SInv}
Res.Elec. : +       Clarity    : .   n - +1 cloak of Nathysk {rN+}
Sust.Abil.: . .     Spirit.Shd : .   u - +2 pair of gloves "Anweina" {+Inv rPois MR++ Dex+2}
Res.Mut.  : .       Stasis     : .   l - +2 pair of boots {run}
Res.Rott. : .       Flight     : +   D - amulet of the Air {Inacc +Fly rElec EV+5 RMsl}
Saprovore : . . .                    K - ring "Traceano" {rF+ MR Int+3}
                                     Z - ring "Cheor" {rPois Int+5}

@: repel missiles, flying, very slightly contaminated, delayed fireball, quick,
uncannily resistant to hostile enchantments, fairly stealthy
A: breathe lightning, able to fly continuously, unfitting armour, large and
strong wings, talons 1, berserk 1, blurry vision 1, breathe flames 1, deformed
body, deterioration 1, fast metabolism 1, +10% hp, electricity resistance, wild
magic 1, AC +13, Int -2, Dex +2
a: Breathe Lightning, Stop Flying, Renounce Religion, Breathe Fire, Release
Delayed Fireball, Evoke Blink, Evoke Invisibility
}: 4/15 runes: decaying, slimy, silver, gossamer


You were on level 2 of the Realm of Zot.
You worshipped Vehumet.
Vehumet was exalted by your worship.
You were not hungry.

You visited 11 branches of the dungeon, and saw 71 of its levels.
You also visited: Trove, Ossuary, Bailey and Wizlab.

You collected 9202 gold pieces.
You spent 2973 gold pieces at shops.

Inventory:

Hand weapons
 a - the +7,+5 flail of the Warrior-Mage {speed, rC+ Dex+2 Int+3}
   (You found it on level 5 of the Crypt)

   Attacks with this weapon take half as long, but cause slightly less damage.
   It affects your intelligence (+3).
   It affects your dexterity (+2).
   It protects you from cold.
Armour
 l - a +2 pair of boots of running (worn)
 n - the +1 cloak of Nathysk (worn) {rN+}
   (You found it in a treasure trove)

   It protects you from negative energy.
 q - the +3 crown of Dyrovepreva (worn) {Hunger rElec Int+2 SInv}
   (You found it in a treasure trove)

   It affects your intelligence (+2).
   It insulates you from electricity.
   It enhances your eyesight.
   It speeds your metabolism.
 s - the -3 buckler of Hadjma (worn) {+Blink rPois MR++}
   (You found it in a treasure trove)

   It protects you from poison.
   It affects your resistance to hostile enchantments.
   It lets you blink.
 u - the +2 pair of gloves "Anweina" (worn) {+Inv rPois MR++ Dex+2}
   (You found it in a treasure trove)

   It affects your dexterity (+2).
   It protects you from poison.
   It affects your resistance to hostile enchantments.
   It lets you turn invisible.
Magical devices
 h - a wand of digging (18)
Comestibles
 c - 10 bread rations
 o - a royal jelly
Scrolls
 e - a scroll of fear
Jewellery
 D - the amulet of the Air (around neck) {Inacc +Fly rElec EV+5 RMsl}
   (You bought it in a shop on level 11 of the Dungeon)

   [amulet of inaccuracy]

   It affects your evasion (+5).
   It insulates you from electricity.
   It lets you fly.
   It protects you from missiles.
 K - the ring "Traceano" (right hand) {rF+ MR Int+3}
   (You took it off an orc on level 10 of the Dungeon)

   [ring of protection from magic]

   It affects your intelligence (+3).
   It protects you from fire.
 Z - the ring "Cheor" (left hand) {rPois Int+5}
   (You found it on level 3 of the Elven Halls)

   [ring of poison resistance]

   It affects your intelligence (+5).
Potions
 b - 4 potions of restore abilities
 d - 3 potions of resistance
 g - 14 potions of curing
 i - 2 potions of heal wounds
 j - 5 potions of speed
 p - 11 potions of agility
 H - 3 potions of berserk rage
 P - 3 potions of magic
Miscellaneous
 k - a plain deck of escape {drawn: 1}
 m - an ornate deck of changes {drawn: 5} (in hand)
 t - a phial of floods
 x - a fan of gales
 C - a fan of gales
 T - a lamp of fire (inert)
Rods
 w - a +9 rod of fiery destruction (17/17)
   (You found it on level 3 of the Elven Halls)


   Skills:
 * Level 5.3 Fighting
   Level 2.7 Crossbows
 * Level 14.5 Dodging
 - Level 1.7 Stealth
 * Level 11.2 Shields
 O Level 27 Spellcasting
 O Level 27 Conjurations
 * Level 16.4 Fire Magic
 - Level 7.4 Evocations


You couldn't memorise any spells.
You knew the following spells:

 Your Spells              Type           Power        Failure   Level  Hunger
a - Iskenderun's Mystic   Conj           ########     1%          4    None
b - Fireball              Conj/Fire      ########..   1%          5    None
c - Fire Storm            Conj/Fire      ########..   5%          9    ##.....
d - Lehudib's Crystal Sp  Conj/Erth      ########..   8%          8    None
e - Iskenderun's Battles  Conj/Chrm      ########     1%          4    None
f - Delayed Fireball      Conj/Fire      N/A          1%          7    None
g - Iron Shot             Conj/Erth      ########..   1%          6    None
h - Orb of Destruction    Conj           #########.   1%          7    None
i - Shroud of Golubria    Chrm/Tloc      ######....   3%          2    None
j - Blink                 Tloc           N/A          3%          2    None
k - Apportation           Tloc           ######....   2%          1    None
l - Bolt of Magma         Conj/Fire/Erth ########..   1%          5    None
m - Freezing Cloud        Conj/Ice/Air   ########..   1%          6    None
n - Swiftness             Chrm/Air       ######....   3%          2    None
o - Control Teleport      Chrm/Tloc      ######....   13%         4    None
p - Chain Lightning       Conj/Air       ########..   8%          8    None
q - Regeneration          Chrm/Necr      ######....   4%          3    None
r - Sublimation of Blood  Necr           ######....   3%          2    None


Dungeon Overview and Level Annotations

Branches:
Dungeon (27/27)            Temple (1/1) D:7             Orc (4/4) D:8
    Elf (3/3) Orc:4          Lair (8/8) D:11          Swamp (5/5) Lair:6
 Spider (5/5) Lair:4        Slime (6/6) Lair:7       Vaults (5/5) D:16
  Blade (0/1) Vaults:4      Crypt (5/5) Vaults:3       Tomb (0/3) Crypt:3
    Zot (2/5) D:27

Altars:
Ashenzari
Cheibriados
Elyvilon
Fedhas
Kikubaaqudgha
Makhleb
Nemelex Xobeh
Okawaru
Sif Muna
Trog
Vehumet
Xom
Yredelemnul
Zin
the Shining One
Jiyva
Lugonu

Shops:
D:6 *   D:8 }   D:11 =   D:13 +   D:14 (   D:22 ?(}(   D:27 /   Orc:2 !
Orc:4 *=[*   Vaults:1 [   Vaults:3 [   Vaults:5 [

Portals:
Hell: D:21 D:22 D:23 D:24 D:25 D:26 D:27
Abyss: D:21 D:22 D:23 D:24 D:25* D:27
Pandemonium: D:23 D:24

Annotations:
D:7 exclusion: statue
Swamp:3 exclusion: Roxanne, Roxanne


Innate Abilities, Weirdness & Mutations

You can breathe wild blasts of lightning.
You can fly continuously.
Your glossy black scales are hard (AC +13).
Your body does not fit into most forms of armour.
Your cold-blooded metabolism reacts poorly to cold.
Your wings are large and strong.
You are resistant to electric shocks.
You have sharp toenails.
You are agile. (Dex +2)
You tend to lose your temper in combat.
Your vision is a little blurry.
You can breathe flames.
Your body is misshapen.
Your body is slowly deteriorating.
You are dopey. (Int -2)
You have a fast metabolism.
You are robust (+10% HP).
Your spells are a little harder to cast, but a little more powerful.


Message History

You draw the Alchemist.
You feel better. 70 of your gold pieces vanish!
Casting: Fire Storm
Confirm with . or Enter, or press ? or * to list all spells.
Aiming: Orb of Destruction
Press: ? - help, Shift-Dir - straight line, f - orb of fire, p - fire vortex
Aim: an orb of fire (heavily damaged)
The orb of fire emits a lurid red light.
The bolt of fire misses you.
The wavering orb of destruction hits the orb of fire.
The orb of fire is severely damaged.
The orb of fire glows deep purple.
The bolt of fire hits you! You resist.
* * * LOW HITPOINT WARNING * * *
Drink which item? (? for menu, Esc to quit)
You feel much better.
The pale draconian monk picks up a dwarven dagger.
The pale draconian monk wields a dwarven dagger.
The orb of fire glows red.
The fireball explodes!
The fireball engulfs you! You resist.
You die...

#### ##..... ##.....!.
#####.........
............. ..
#...........
...#####..[........
...................
#........@§*.......
#.......v........
##.%.v)d###......
#......d§########
#....#..d§.###########
...#
###.............## ..
##.v...........## #
###§.§....###.....###
..§§d§..§## ##.....#.


You could see an orb of fire, a pale draconian monk, a yellow draconian, a
purple draconian and 2 friendly fire vortices.

Vanquished Creatures
  the royal jelly (Slime:6)
  Saint Roka (Swamp:5)
  Sojobo (D:27)
  A silver star (D:26)
  Mennas (D:25)
  A profane servitor (Crypt:5)
  A golden dragon (Vaults:5)
  Jory (D:24)
  Xtahua (D:24)
  2 bone dragons
  6 tentacled monstrosities
  A Cloud Mage (WizLab)
  3 titans
  3 deep elf blademasters
  A deep elf master archer (Elf:3)
  The ghost of elenap21 the Phalangite, a mighty MiGl of Okawaru (Elf:3)
  21 acid blobs
  5 liches
  9 storm dragons
  5 sphinxes
  Rupert (Swamp:1)
  3 daevas (D:26)
  Agnes (Vaults:4)
  Frances (D:19)
  6 ancient champions
  6 shadow dragons
  10 tengu reavers
  2 draconian monks (Zot:1)
  Kirke (Elf:1)
  7 fire giants
  7 revenants
  5 draconian knights
  3 ghouls
  Donald (Crypt:4)
  Wiglaf (D:25)
  10 vault wardens
  19 azure jellies
  A draconian scorcher (Zot:1)
  12 deep elf sorcerers
  2 orc warlords
  4 emperor scorpions (Spider:5)
  Aizul (Spider:4)
  8 frost giants
  An emperor scorpion (shapeshifter) (D:25)
  3 draconian zealots
  A curse skull (Crypt:3)
  3 angels (D:26)
  Gastronok (Lair:1)
  4 reapers
  2 ghost moths
  Jorgrun (D:24)
  The ghost of Zapata the Nimble, a powerful KoBe of Trog (Lair:8)
  38 stone giants
  6 draconian annihilators (D:27)
  3 draconian shifters
  2 grey draconians (Zot:1)
  4 vampire knights
  A draconian caller (Zot:1)
  2 deep elf demonologists
  10 yellow draconians
  5 green draconians
  The ghost of letownia the Bludgeoner, a powerful GrBe of Trog (Swamp:5)
  7 black draconians
  2 mottled draconians (Zot:1)
  9 deep elf annihilators
  Azrael (Spider:1)
  7 red draconians
  11 pale draconians
  A white draconian (Zot:2)
  9 purple draconians
  4 eidola
  4 unborn
  12 ettins
  11 ironheart preservers
  35 yaktaur captains
  11 deep elf death magi
  6 death oozes
  18 ogre magi
  28 vault guards
  28 jiangshi
  4 death cobs
  6 dragons
  A draconian (shapeshifter) (Vaults:1)
  8 deep elf high priests
  A spectral golden dragon (Vaults:5)
  Fannar (D:11)
  10 ice dragons
  Josephine (D:10)
  6 great orbs of eyes
  3 ravenous feature mimics
  4 dancing weapons (Vaults:4)
  23 hydras
  Nessos (D:11)
  An ice dragon (shapeshifter) (Vaults:5)
  7 alligators
  A spectral fire giant (Crypt:2)
  2 spectral stone giants
  2 ravenous item mimics
  4 spectral elves
  2 spectral frost giants
  4 deep dwarf death knights
  12 deep troll earth magi
  9 large abominations
  9 vampire magi
  5 deep troll shamans
  A naga warrior (D:21)
  4 orc high priests
  3 plague shamblers
  2 fire crabs (shapeshifter)
  37 centaur warriors
  4 fire crabs
  4 soul eaters
  13 hell knights
  A rakshasa (D:21)
  A storm dragon zombie (D:20)
  Nergalle (D:11)
  20 deep elf knights
  7 shadow wraiths
  38 skeletal warriors
  13 very ugly things
  3 iron trolls
  A sun demon (Vaults:4)
  A shadow demon (Crypt:5)
  10 flayed ghosts
  A storm dragon skeleton (Vaults:2)
  11 ball lightnings (D:19)
  5 cherubim (D:26)
  27 deep trolls
  17 giant amoebae
  14 hill giants
  11 ironbrand convokers
  2 swamp dragons (shapeshifter)
  3 swamp dragons
  6 unseen horrors
  2 sphinx zombies
  14 necromancers
  5 death drakes (D:27)
  3 flaming corpses
  8 harpies
  15 deep elf conjurers
  Joseph (D:11)
  4 oklob plants
  A wolf spider zombie (D:20)
  7 lindwurms
  2 very ugly thing skeletons
  A harpy (shapeshifter) (Elf:2)
  2 wizards
  11 cyclopes
  38 wolf spiders
  A draconian zombie (D:27)
  34 orc knights
  6 stone giant zombies
  9 griffons
  3 fire giant zombies
  14 moths of wrath
  13 orc sorcerers
  4 shining eyes (Slime:6)
  4 black mambas
  2 sphinx skeletons
  4 sixfirhies
  14 phantasmal warriors
  A guardian serpent (shapeshifter) (Elf:1)
  Maurice (D:11)
  13 elephants
  A stone golem (D:13)
  9 red wasps
  3 frost giant skeletons
  12 vault sentinels
  5 fire giant skeletons
  7 spiny worms
  11 deep elf summoners
  2 pale draconian zombies (D:27)
  16 stone giant skeletons
  An eye of devastation (shapeshifter) (Vaults:4)
  A queen ant (D:12)
  4 eyes of devastation
  A tormentor (Vaults:4)
  A smoke demon (Vaults:4)
  A yaktaur zombie (D:27)
  Psyche (D:9)
  16 vapours
  27 spiny frogs
  3 feature mimics
  A green draconian zombie (D:27)
  A purple draconian zombie (D:27)
  A sea snake zombie (Crypt:1)
  A black draconian zombie (D:27)
  7 fire drakes
  A swamp worm zombie (Swamp:1)
  A spectral deep troll (Vaults:5)
  5 guardian mummies (Crypt:3)
  12 demonic crawlers
  2 iron troll zombies
  77 yaktaurs
  A hellwing (Orc:4)
  5 small abominations
  4 yellow draconian skeletons
  A ghoul skeleton (Crypt:5)
  The ghost of Chiseanne the Charlatan, an experienced GrAr of Nemelex Xobeh (Ossuary)
  3 pale draconian skeletons
  A grey draconian skeleton (Crypt:2)
  A mottled draconian skeleton (Crypt:3)
  2 giant fireflies (Lair:8)
  2 purple draconian skeletons (D:27)
  A komodo dragon (shapeshifter) (D:26)
  A queen bee (shapeshifter) (Vaults:5)
  3 silent spectres
  A black draconian skeleton (D:27)
  3 hydra zombies
  An efreet (D:20)
  9 komodo dragons
  18 trolls
  23 orb spiders
  22 jumping spiders
  3 iron troll skeletons
  12 deep elf priests
  A harpy zombie (Crypt:2)
  A polar bear (shapeshifter) (Vaults:1)
  A polar bear (D:8)
  10 spriggans (Lair:8)
  2 moth of wrath zombies (Zot:2)
  2 harpy skeletons
  Prince Ribbit (D:6)
  9 boulder beetles
  4 fire vortices
  A raven (Swamp:4)
  2 blink frogs (shapeshifter)
  A spriggan (shapeshifter) (Vaults:1)
  2 wind drakes (D:27)
  An ettin zombie (Vaults:2)
  109 slime creatures
  An ice dragon zombie (Zot:2)
  A dragon zombie (D:15)
  5 giant leeches
  23 blink frogs
  7 bog bodies
  A spectral trapdoor spider (Crypt:2)
  A grizzly bear (shapeshifter) (D:21)
  6 grizzly bears (Lair:8)
  29 two-headed ogres
  A raven (shapeshifter) (D:24)
  12 brown oozes
  2 red wasp zombies (Swamp:1)
  A guardian serpent skeleton (Crypt:3)
  26 trapdoor spiders
  11 shadows
  6 basilisks
  5 wyverns
  4 ettin skeletons
  A spectral fire crab (Crypt:5)
  2 dragon skeletons
  2 sharks
  2 ice dragon skeletons
  17 wraiths
  51 air elementals
  A golden eye (shapeshifter) (Vaults:2)
  2 hill giant zombies
  56 flying skulls
  26 tarantellas
  25 deep elf magi
  An elephant slug (Lair:3)
  A wyvern (shapeshifter) (Vaults:5)
  35 deep elf fighters
  6 vampires
  A giant leech zombie (Swamp:1)
  2 black mamba skeletons
  108 ugly things
  A redback (shapeshifter) (D:26)
  66 redbacks
  2 spectral yaktaurs
  2 spectral giant fireflies (Crypt:3)
  2 chaos spawn
  3 hogs (Elf:1)
  32 yaks
  A hippogriff (shapeshifter) (Vaults:2)
  2 hill giant skeletons
  75 vampire mosquitoes
  11 hungry ghosts
  3 manticores
  4 rock worms
  59 swamp worms
  4 steam dragons
  3 fire elementals (Spider:1)
  11 hippogriffs
  34 wolves
  7 necrophages
  Edmund (D:6)
  16 mottled dragons
  A plague shambler skeleton (Crypt:5)
  A deep dwarf zombie (Crypt:5)
  12 hell hounds
  A spectral baby alligator (Crypt:2)
  16 soldier ants
  A deep troll zombie (D:22)
  69 orc warriors
  13 swamp drakes
  7 porcupines
  A swamp drake (shapeshifter) (D:18)
  Purgy (D:3)
  7 sky beasts
  6 phantoms
  3 deep troll skeletons
  A giant amoeba simulacrum (D:14)
  18 freezing wraiths
  9 ice beasts
  2 tengu (D:10)
  4 nagas (D:21)
  6 black bears
  A yellow wasp (D:10)
  53 ogres
  A boring beetle (shapeshifter) (D:13)
  42 centaurs
  8 giant goldfish
  A lindwurm skeleton (D:27)
  3 rotting devils
  9 lost souls
  A boring beetle (D:20)
  Duvessa (D:4)
  14 crocodiles
  A spectral boulder beetle (Crypt:3)
  A brain worm (Vaults:1)
  16 wargs
  12 giant slugs
  22 water moccasins
  4 big kobolds
  A giant slug (shapeshifter) (D:25)
  3 lava worms (Swamp:5)
  2 komodo dragon zombies
  32 insubstantial wisps
  14 agate snails
  A komodo dragon skeleton (Crypt:1)
  2 wyvern zombies
  23 giant frogs
  A cyclops zombie (D:14)
  2 manticore zombies
  5 yaktaur skeletons
  2 cyclops skeletons
  A manticore skeleton (D:12)
  2 yak zombies
  3 rock worm zombies
  5 troll zombies
  A grizzly bear zombie (Crypt:2)
  A boulder beetle zombie (Crypt:2)
  10 eyes of draining
  8 jellyfish
  A hippogriff skeleton (D:8)
  A pulsating lump (shapeshifter) (D:25)
  A quasit (D:9)
  11 wights
  17 killer bees
  2 yak skeletons
  2 troll skeletons
  A yaktaur simulacrum (Crypt:1)
  Dowan (D:4)
  A fire crab simulacrum (Vaults:1)
  2 giant frog zombies
  14 electric eels
  10 crimson imps
  A two-headed ogre zombie (Crypt:4)
  A centaur zombie (D:10)
  20 jellies
  4 goliath beetles
  47 orc priests
  16 big fish
  A giant frog skeleton (D:10)
  A soldier ant zombie (Crypt:4)
  A cyclops simulacrum (D:8)
  15 hounds
  6 scorpions
  A water moccasin zombie (Swamp:1)
  24 spiders
  43 worker ants
  A basilisk skeleton (D:15)
  A centaur skeleton (D:7)
  56 orc wizards
  A two-headed ogre skeleton (Crypt:4)
  10 iguanas
  8 orange rats
  A boulder beetle simulacrum (Crypt:3)
  2 big kobold zombies
  A sky beast zombie (D:10)
  A demigod zombie (Crypt:2)
  14 sheep
  A deep dwarf skeleton (Crypt:2)
  A crocodile skeleton (D:9)
  3 ogre zombies (D:8)
  A dwarf skeleton (Crypt:3)
  2 big kobold skeletons
  An ogre skeleton (D:6)
  14 boggarts
  2 hound skeletons
  20 mummies
  29 gnolls
  32 green rats
  29 adders
  7 giant centipedes
  14 humans (D:20)
  2 white imps
  4 giant mites
  4 worms
  2 ufetubi
  An iguana zombie (D:11)
  An adder zombie (D:6)
  6 giant eyeballs
  8 giant geckos
  10 oozes
  251 orcs
  A bat skeleton (D:5)
  28 hobgoblins
  14 jackals
  13 quokkas
  32 bats
  8 giant cockroaches
  A giant gecko zombie (D:6)
  6 giant newts
  A giant newt skeleton (D:4)
  A giant spore (D:11)
  2 gnoll zombies (Ossuary)
  47 goblins
  A goblin zombie (D:8)
  2 hobgoblin skeletons (D:8)
  7 hobgoblin zombies
  56 kobolds
  4 kobold skeletons
  A kobold zombie (Ossuary)
  A lava orc skeleton (Crypt:2)
  2 orc skeletons (D:8)
  19 orc zombies
  2 quokka skeletons
  16 rats
  A spectral orc (D:4)
  9 ballistomycetes
  7 crawling corpses
  19 fungi
  16 plants
4003 creatures vanquished.

Vanquished Creatures (collateral kills)
  Boris (D:22)
  A bone dragon (Crypt:4)
  A titan (Vaults:5)
  2 storm dragons
  A frost giant (Vaults:5)
  A vault warden (Vaults:2)
  A draconian scorcher (Zot:1)
  2 stone giants
  A draconian caller (D:27)
  A pale draconian (D:27)
  A purple draconian (D:27)
  2 yellow draconians
  6 vault guards
  An ironheart preserver (Vaults:5)
  3 yaktaur captains
  A ravenous feature mimic (D:27)
  A deep dwarf death knight (Crypt:4)
  A spectral dire elephant (Crypt:2)
  A very ugly thing (Vaults:4)
  A skeletal warrior (Crypt:5)
  2 iron trolls
  2 deep trolls (Vaults:5)
  A flayed ghost (Crypt:5)
  A cherub (D:26)
  A tengu zombie (D:27)
  A large abomination (D:25)
  2 orc knights
  A hill giant (D:13)
  2 necromancers
  2 stone giant skeletons
  A draconian skeleton (D:27)
  A vault sentinel (Vaults:5)
  A black draconian zombie (D:27)
  4 yaktaurs
  A hydra skeleton (D:11)
  5 slime creatures
  6 ugly things
  2 brown oozes
  2 flying skulls (Crypt:5)
  An air elemental (WizLab)
  A wraith (Crypt:5)
  A vampire mosquito (Vaults:2)
  A vampire (Crypt:5)
  A faun skeleton (Crypt:1)
  A swamp drake (D:27)
  2 freezing wraiths (Vaults:5)
  2 necrophages (Crypt:5)
  A centaur (shapeshifter) (D:25)
  An agate snail (D:19)
  An orb spider zombie (Crypt:3)
  A wight (Crypt:3)
  An eye of draining (Slime:5)
  A yak skeleton (D:11)
  A quasit (D:13)
  A warg skeleton (Crypt:4)
  4 orc wizards
  A crocodile zombie (Crypt:2)
  A demigod skeleton (Crypt:4)
  A necrophage skeleton (Crypt:5)
  A mummy (Crypt:3)
  A gnoll (Bailey)
  9 orcs
  A goblin (Bailey)
  A kobold (Bailey)
  An orc zombie (Crypt:4)
107 creatures vanquished.

Vanquished Creatures (others)
  Frederick (Vaults:2)
  A hydra (Swamp:5)
  A deep troll earth mage (D:25)
  3 ball lightnings (D:19)
  A griffon (D:15)
  2 efreet
  3 air elementals
  A spiny frog (shapeshifter) (D:15)
  2 water elementals
  2 fire elementals (D:24)
  761 fire vortices
  A shadow (D:18)
  2 ugly things
  2 steam dragons (Swamp:5)
  2 swamp drakes (Swamp:5)
  An orc warrior (D:24)
  2 ogres (Vaults:3)
  7 lost souls
  2 spiders (Vaults:2)
  A big fish (Swamp:2)
  A human (Elf:1)
  A boggart (D:22)
  A giant mite (Spider:5)
  An orc (Swamp:5)
  A giant spore (D:10)
  6 fungi
  A plant (Swamp:5)
810 creatures vanquished.

Grand Total: 4920 creatures vanquished

Notes
Turn   | Place    | Note
--------------------------------------------------------------
     0 | D:1      | Chiseanne, the Draconian Fire Elementalist, began the quest for the Orb.
     0 | D:1      | Reached XP level 1. HP: 14/14 MP: 3/3
   301 | D:1      | Reached XP level 2. HP: 20/20 MP: 0/4
   305 | D:1      | Learned a level 2 spell: Throw Flame
   980 | D:1      | Reached skill level 4 in Fire Magic
  1246 | D:2      | Reached XP level 3. HP: 26/26 MP: 2/5
  2382 | D:2      | Found an iron altar of Okawaru.
  2433 | D:2      | Reached XP level 4. HP: 31/33 MP: 1/7
  2650 | D:3      | Noticed Purgy
  2733 | D:3      | Gained mutation: You passively map a small area around you. [potion of beneficial mutation]
  2889 | D:3      | Reached skill level 5 in Fire Magic
  2909 | D:3      | Reached XP level 5. HP: 18/38 MP: 2/10
  3076 | D:3      | Learned a level 3 spell: Conjure Flame
  3080 | D:3      | Learned a level 3 spell: Inner Flame
  3273 | D:3      | Found a blossoming altar of Fedhas.
  3365 | D:3      | Found a deep blue altar of Sif Muna.
  3756 | D:3      | Killed Purgy
  3756 | D:3      | Reached XP level 6. HP: 29/45 MP: 1/13
  4144 | D:4      | Noticed Duvessa
  4153 | D:4      | Killed Duvessa
  4166 | D:4      | Noticed Dowan
  4538 | D:4      | Found a basalt altar of Yredelemnul.
  4805 | D:4      | Killed Dowan
  4805 | D:4      | Reached skill level 6 in Fire Magic
  5493 | D:4      | Your scales start taking on a glossy black colour.
  5493 | D:4      | Gained mutation: You are resistant to electric shocks. [draconian maturity]
  5493 | D:4      | Reached XP level 7. HP: 50/50 MP: 15/17
  5530 | D:5      | Entered Level 5 of the Dungeon
  5541 | D:5      | Found an ancient bone altar of Kikubaaqudgha.
  6574 | D:5      | Found a shimmering altar of Xom.
  6643 | D:5      | Reached skill level 5 in Spellcasting
  7309 | D:5      | Got a crude ruby amulet
  7375 | D:5      | Reached skill level 7 in Fire Magic
  7382 | D:5      | Learned a level 5 spell: Fireball
  7995 | D:6      | Reached XP level 8. HP: 33/57 MP: 6/20
  8134 | D:6      | Found Wecucyck's Assorted Antiques.
  8137 | D:6      | Bought a scroll labeled QUJUXI LATSAYD {tried} for 26 gold pieces
  8137 | D:6      | Bought a scroll of identify for 52 gold pieces
  8137 | D:6      | Bought a scroll labeled OGOTUL LEANEZI for 26 gold pieces
  8249 | D:6      | Noticed Edmund
  8714 | D:6      | Found a bloodstained altar of Trog.
  8832 | D:6      | Found a sparkling altar of Nemelex Xobeh.
  8916 | D:6      | Reached skill level 8 in Fire Magic
  9133 | D:6      | Killed Edmund
  9149 | D:6      | Noticed Prince Ribbit
  9266 | D:6      | Killed Prince Ribbit
  9434 | D:6      | Reached XP level 9. HP: 62/62 MP: 15/23
 10000 | D:7      | Reached skill level 9 in Fire Magic
 10145 | D:7      | Identified the amulet of the Good {rMut +Blink} (You found it on level 5 of the Dungeon)
 10244 | D:7      | Found a shattered altar of Ashenzari.
 10248 | D:7      | Found a radiant altar of Vehumet.
 10339 | D:7      | Found a staircase to the Ecumenical Temple.
 10350 | Temple   | Entered the Ecumenical Temple
 10929 | D:7      | Found a sand-covered staircase.
 10942 | Ossuary  | Entered an ossuary
 10942 | Ossuary  | Noticed Chiseanne's ghost (experienced GrAr)
 10968 | Ossuary  | Killed Chiseanne's ghost
 10968 | Ossuary  | Reached skill level 1 in Evocations
 11415 | Ossuary  | Lost mutation: You passively map a small area around you. [potion of cure mutation]
 11537 | Ossuary  | Paralysed by a potion of paralysis for 3 turns
 11709 | D:7      | Became a worshipper of Vehumet
 11926 | D:8      | Reached skill level 10 in Fire Magic
 12053 | D:8      | Reached XP level 10. HP: 66/66 MP: 21/27
 12127 | D:8      | Paralysed by a giant eyeball for 2 turns
 12294 | D:8      | Acquired Vehumet's first power
 12294 | D:8      | Offered knowledge of Sting by Vehumet.
 12447 | D:8      | Reached skill level 10 in Spellcasting
 12732 | D:8      | Found a staircase to the Orcish Mines.
 12959 | D:8      | Found Thros' Gadget Boutique.
 13185 | D:8      | Offered knowledge of Shock by Vehumet.
 13815 | D:9      | Reached skill level 11 in Fire Magic
 13866 | D:9      | Noticed Psyche
 13869 | D:9      | Killed Psyche
 14341 | D:10     | Entered Level 10 of the Dungeon
 14437 | D:10     | Noticed Josephine
 14705 | D:10     | Offered knowledge of Static Discharge by Vehumet.
 14864 | D:10     | Killed Josephine
 14997 | D:10     | Found a portal to a secret trove of treasure.
 15023 | D:10     | Noticed a centaur warrior
 15197 | D:10     | Killed a centaur warrior
 15197 | D:10     | Reached XP level 11. HP: 36/71 MP: 6/29
 15606 | D:10     | Acquired Vehumet's second power
 16427 | D:10     | Got a glittering lead ring
 16429 | D:10     | Got a bone dagger
 16452 | D:10     | Identified the ring "Traceano" {rF+ MR Int+3} (You took it off an orc on level 10 of the Dungeon)
 16455 | D:10     | Identified the +5,+8 dagger of Tortfeasance {vamp, rC+ Int+4} (You found it on level 10 of the Dungeon)
 17027 | D:10     | Offered knowledge of Mephitic Cloud by Vehumet.
 17037 | D:10     | Learned a level 3 spell: Mephitic Cloud
 17241 | D:11     | Noticed Nergalle
 17523 | Orc:1    | Entered Level 1 of the Orcish Mines
 17989 | Orc:2    | Acquired Vehumet's third power
 18022 | Orc:1    | Offered knowledge of Force Lance by Vehumet.
 19552 | Orc:2    | Offered knowledge of Delayed Fireball by Vehumet.
 19571 | Orc:2    | Learned a level 7 spell: Delayed Fireball
 19951 | Orc:1    | Found a flagged portal.
 20038 | Bailey   | Entered a bailey
 20706 | Bailey   | Gained mutation: You can breathe flames. [potion of beneficial mutation]
 20707 | Bailey   | Gained mutation: You are robust (+10% HP). [potion of beneficial mutation]
 20929 | Orc:2    | Found Cohififf's Distillery.
 20943 | Orc:2    | Bought a potion of flight for 39 gold pieces
 20943 | Orc:2    | Bought a potion of curing for 26 gold pieces
 20943 | Orc:2    | Bought 2 potions of heal wounds for 78 gold pieces
 20943 | Orc:2    | Bought a potion of magic for 91 gold pieces
 20943 | Orc:2    | Bought a potion of curing for 26 gold pieces
 20943 | Orc:2    | Bought a potion of resistance for 91 gold pieces
 20943 | Orc:2    | Bought a potion of curing for 26 gold pieces
 21490 | Orc:4    | Entered Level 4 of the Orcish Mines
 21707 | Orc:4    | Offered knowledge of Iron Shot by Vehumet.
 22043 | Orc:4    | Found a staircase to the Elven Halls.
 22177 | Orc:4    | Reached skill level 5 in Evocations
 22299 | Orc:4    | Noticed an orc high priest
 22301 | Orc:4    | Noticed an orc high priest
 22302 | Orc:4    | Noticed an orc high priest
 22302 | Orc:4    | Noticed a sun demon
 22529 | Orc:4    | Reached skill level 12 in Spellcasting
 22558 | Orc:4    | Noticed a sun demon
 22558 | Orc:4    | Noticed a soul eater
 22684 | Orc:4    | Killed an orc high priest
 22684 | Orc:4    | Reached skill level 5 in Conjurations
 23038 | Orc:4    | Reached XP level 12. HP: 86/86 MP: 3/31
 23301 | Orc:3    | Learned a level 6 spell: Iron Shot
 23586 | Orc:4    | Killed an orc high priest
 23890 | Orc:4    | Killed an orc high priest
 24402 | Orc:4    | Found Uwuomuli's General Store.
 24406 | Orc:4    | Found Ydal Sma's Armour Emporium.
 24412 | Orc:4    | Found Ryem's Jewellery Emporium.
 24414 | Orc:4    | Found Thitsod's General Store.
 24423 | Orc:4    | Bought a bread ration for 60 gold pieces
 24423 | Orc:4    | Bought a meat ration for 60 gold pieces
 24423 | Orc:4    | Bought a scroll of identify for 30 gold pieces
 24435 | Orc:4    | Bought a +2 pair of dwarven boots of flying for 304 gold pieces
 24457 | Orc:4    | Bought a potion of heal wounds for 36 gold pieces
 24457 | Orc:4    | Bought a scroll of teleportation for 36 gold pieces
 24457 | Orc:4    | Bought a potion of restore abilities for 36 gold pieces
 24457 | Orc:4    | Bought a scroll of identify for 24 gold pieces
 25239 | D:9      | Noticed a hill giant
 25296 | D:9      | Killed a hill giant
 25296 | D:9      | Reached skill level 5 in Dodging
 25548 | D:11     | Found Roargh's Jewellery Boutique.
 25548 | D:11     | Noticed Nessos
 25763 | D:11     | Offered knowledge of Bolt of Draining by Vehumet.
 25767 | D:11     | Killed Nessos
 25915 | D:11     | Bought the amulet of the Air {Inacc +Fly rElec EV+5 RMsl} for 408 gold pieces
 25915 | D:11     | Bought a cursed ring of hunger for 22 gold pieces
 26113 | D:11     | Noticed Joseph
 26113 | D:11     | Noticed a griffon
 26114 | D:11     | Killed Nergalle
 26115 | D:11     | Killed Joseph
 26115 | D:11     | Reached skill level 13 in Spellcasting
 26120 | D:11     | Noticed Maurice
 26134 | D:11     | Killed a griffon
 26160 | D:11     | Killed Maurice
 26426 | D:11     | Noticed a hill giant
 26428 | D:11     | Noticed a seven-headed hydra
 26432 | D:11     | Killed a hill giant
 26679 | D:11     | Killed a seven-headed hydra
 27020 | D:11     | Learned a level 2 spell: Blink
 27022 | D:11     | Learned a level 1 spell: Summon Butterflies
 27150 | D:11     | Noticed Fannar
 27163 | D:11     | Killed Fannar
 27384 | D:11     | Found a staircase to the Lair.
 27861 | D:11     | Reached XP level 13. HP: 91/91 MP: 7/33
 28251 | Lair:1   | Entered Level 1 of the Lair of Beasts
 29162 | Lair:1   | Noticed Gastronok
 29235 | Lair:1   | Killed Gastronok
 30258 | Lair:1   | Learned a level 1 spell: Apportation
 31602 | D:12     | Offered knowledge of Bolt of Magma by Vehumet.
 31611 | D:12     | Learned a level 5 spell: Bolt of Magma
 31995 | D:12     | Reached skill level 14 in Spellcasting
 34207 | D:13     | Learned a level 6 spell: Bolt of Fire
 34218 | D:13     | Offered knowledge of Poison Arrow by Vehumet.
 34537 | D:13     | Found Mozxocri's Book Shop.
 35595 | D:14     | Entered Level 14 of the Dungeon
 35820 | D:14     | Found Puho's Antique Weapon Shop.
 36514 | D:14     | Got a pitted jade ring
 36533 | D:14     | Identified the ring of Doubts {Wiz Str+1 Dex-5} (You found it on level 14 of the Dungeon)
 36990 | D:14     | Found a corrupted altar of Lugonu.
 37001 | D:14     | Identified Lugonu's Handbook of Conjuration
 37797 | D:14     | Gained mutation: Your wings are large and strong. [draconian growth]
 37797 | D:14     | Reached XP level 14. HP: 99/99 MP: 21/35
 37808 | D:14     | Reached skill level 10 in Conjurations
 38057 | D:15     | Entered Level 15 of the Dungeon
 39293 | D:15     | Reached skill level 15 in Spellcasting
 41379 | D:15     | Gained mutation: You have sharp toenails. [potion of mutation]
 41379 | D:15     | Gained mutation: Your spells are a little harder to cast, but a little more powerful. [potion of mutation]
 42074 | D:16     | Offered knowledge of Poisonous Cloud by Vehumet.
 42225 | D:16     | Found a staircase to the Vaults.
 44612 | D:18     | Reached XP level 15. HP: 95/105 MP: 14/36
 45392 | D:18     | Reached skill level 16 in Spellcasting
 45861 | D:18     | Offered knowledge of Freezing Cloud by Vehumet.
 47037 | Lair:1   | Learned a level 4 spell: Iskenderun's Mystic Blast
 47048 | Lair:1   | Learned a level 5 spell: Ignite Poison
 48081 | Lair:2   | Paralysed by you for 3 turns
 49065 | Lair:3   | Found an ancient bone altar of Kikubaaqudgha.
 50738 | Lair:4   | Learned a level 2 spell: Shroud of Golubria
 51213 | Lair:4   | Found a hole to the Spider Nest.
 52809 | Lair:5   | Offered knowledge of Lehudib's Crystal Spear by Vehumet.
 52809 | Lair:5   | Offered knowledge of Fire Storm by Vehumet.
 52809 | Lair:5   | Offered knowledge of Chain Lightning by Vehumet.
 53709 | Lair:6   | Found a bloodstained altar of Trog.
 53757 | Lair:6   | Found a staircase to the Swamp.
 53770 | Lair:6   | Reached skill level 17 in Spellcasting
 54518 | Lair:7   | Found a staircase to the Slime Pits.
 54518 | Lair:7   | Found a viscous altar of Jiyva.
 56183 | Lair:8   | Entered Level 8 of the Lair of Beasts
 56419 | Lair:8   | Noticed Zapata's ghost (powerful KoBe)
 56422 | Lair:8   | Killed Zapata's ghost
 56577 | Lair:8   | Reached XP level 16. HP: 112/112 MP: 38/38
 56639 | Lair:8   | Got a pair of ichor-stained gloves
 56643 | Lair:8   | Identified the cursed -5 pair of gloves of Distant Shores {+Fly rC++ Dam-5} (You found it on level 8 of the Lair of Beasts)
 59294 | Orc:3    | Paralysed by an orc sorcerer for 3 turns
 59742 | Orc:3    | Found a staircase to the Elven Halls.
 59744 | Orc:3    | the staircase to the Elven Halls was a mimic.
 60415 | Spider:1 | Entered Level 1 of the Spider Nest
 60418 | Spider:1 | Reached skill level 1 in Shields
 60425 | Spider:1 | Gained mutation: You are agile. (Dex +2) [potion of beneficial mutation]
 61015 | Spider:1 | Noticed Azrael
 61033 | Spider:1 | Killed Azrael
 61672 | Spider:1 | Reached skill level 18 in Spellcasting
 63034 | D:11     | Bought an uncursed amulet of clarity for 220 gold pieces
 64124 | Spider:3 | Reached skill level 10 in Dodging
 65184 | Spider:3 | Identified a scroll of acquirement
 65503 | Spider:3 | Reached XP level 17. HP: 92/119 MP: 26/40
 65929 | Spider:4 | Noticed Aizul
 65949 | Spider:4 | Killed Aizul
 67104 | Spider:5 | Entered Level 5 of the Spider Nest
 67692 | Spider:5 | Reached skill level 19 in Spellcasting
 67703 | Spider:5 | Learned a level 9 spell: Fire Storm
 69134 | Spider:5 | Got a gossamer rune of Zot
 69614 | Lair:1   | Learned a level 7 spell: Orb of Destruction
 69854 | Swamp:1  | Entered Level 1 of the Swamp
 69854 | Swamp:1  | Noticed Rupert
 70114 | Swamp:1  | Paralysed by Rupert for 7 turns
 70135 | Swamp:1  | Killed Rupert
 70891 | Swamp:1  | Reached skill level 5 in Shields
 71085 | Swamp:1  | Pr0man: tjo
 71093 | Swamp:1  | Pr0man: vorsicht
 71125 | Swamp:1  | Pr0man: ich bin gerade in S:5 mit meinem DeBe gestorben, der hat ne dicke waffe :P
 71126 | Swamp:1  | Chiseanne: wofor?ach so :D
 71131 | Swamp:1  | Pr0man: und er hat relativ brauchbare feuerresi
 71151 | Swamp:1  | Chiseanne: ok ich werd dran denken :)
 71514 | Swamp:1  | Chiseanne: seit wann spielst du wie richtige Kinder auf diesem server ? ;-D
 71514 | Swamp:1  | Pr0man: bist auch grade der einzige in Swamp, also
 71515 | Swamp:1  | Pr0man: hö?
 71515 | Swamp:1  | Chiseanne: mal schauen vielleicht finde ich ihn ja
 71515 | Swamp:1  | Pr0man: Ich wollt mal was neues als Berserker testen
 71515 | Swamp:1  | Chiseanne: na du hast doch immer auf dem devtest-server gespielt
 71570 | Swamp:1  | Pr0man: ach stimmt, lol, du spielst ja immer ne ältere version
 71576 | Swamp:1  | Pr0man: denk ich nie drann
 71576 | Swamp:1  | Pr0man: :>
 71670 | Swamp:1  | Chiseanne: lol ich spiele die richtige live-version..du spielst auf dem testserver:P
 71910 | Swamp:1  | Reached skill level 15 in Conjurations
 73085 | Swamp:2  | Chiseanne: jetzt brauche ich ein icedragon armour +5 für trove
 73936 | Swamp:3  | Noticed Roxanne
 75038 | Swamp:3  | Reached XP level 18. HP: 125/128 MP: 15/41
 76260 | Swamp:5  | Entered Level 5 of the Swamp
 76265 | Swamp:5  | Noticed Saint Roka
 77098 | Swamp:5  | Noticed letownia's ghost (powerful GrBe)
 77396 | Swamp:4  | Chiseanne: duck..ketownias ghost mit anti-magic waa
 77892 | Swamp:5  | Killed letownia's ghost
 78231 | Swamp:5  | Reached skill level 20 in Spellcasting
 78741 | Swamp:5  | Killed Saint Roka
 79015 | Swamp:5  | Got a decaying rune of Zot
 79043 | Swamp:5  | Got a polished scimitar
 79087 | Swamp:5  | Identified the +3,+0 scimitar "Prydo" {speed, rPois MR++} (You found it on level 5 of the Swamp)
 79973 | D:18     | Got a fine ivory amulet
 80685 | D:19     | Noticed Frances
 80697 | D:19     | Killed Frances
 84080 | D:19     | Identified the amulet "Pnesedem" {-Tele +Rage} (You found it on level 18 of the Dungeon)
 84242 | D:20     | Entered Level 20 of the Dungeon
 84837 | D:20     | Reached XP level 19. HP: 135/135 MP: 23/42
 85141 | D:20     | Found a staircase to the Vaults.
 85161 | D:20     | the staircase to the Vaults was a mimic.
 85358 | D:20     | Identified the Volume of Lethal Flames
 86178 | D:21     | Found a one-way gate to the infinite horrors of the Abyss.
 86469 | D:21     | Found a gateway to Hell.
 87549 | D:22     | Found Khefunea's Antique Weapon Emporium.
 87586 | D:22     | Found Gusorphurgh's Food Shoppe.
 87594 | D:22     | Bought a bread ration for 52 gold pieces
 87594 | D:22     | Bought a bread ration for 52 gold pieces
 87594 | D:22     | Bought an apple for 10 gold pieces
 87594 | D:22     | Bought a choko for 5 gold pieces
 87594 | D:22     | Bought a bread ration for 52 gold pieces
 87594 | D:22     | Bought a slice of pizza for 23 gold pieces
 87594 | D:22     | Bought a meat ration for 52 gold pieces
 87594 | D:22     | Bought a meat ration for 52 gold pieces
 87594 | D:22     | Bought a bread ration for 52 gold pieces
 88223 | Elf:1    | Entered Level 1 of the Elven Halls
 88327 | Elf:1    | Reached skill level 21 in Spellcasting
 88330 | Elf:1    | Noticed Kirke
 88338 | Elf:1    | Killed Kirke
 89448 | Elf:2    | Got a pitted long sword
 90036 | Elf:3    | Entered Level 3 of the Elven Halls
 90262 | Elf:3    | Identified the cursed +2,-2 long sword "Jiadeot" {slice, Contam rF+ rC+} (You found it on level 2 of the Elven Halls)
 90273 | Elf:3    | Noticed elenap21's ghost (mighty MiGl)
 90283 | Elf:3    | Killed elenap21's ghost
 92248 | Elf:3    | Reached XP level 20. HP: 141/141 MP: 35/43
 92420 | Elf:3    | Got a pair of pitted gloves
 92918 | Elf:3    | Identified the +0 pair of gloves of Egraph {Int-3} (You found it on level 3 of the Elven Halls)
 93148 | Elf:3    | Identified a +4 rod of striking (6/6) (You found it on level 3 of the Elven Halls)
 93526 | Elf:3    | Got a pitted blowgun
 93528 | Elf:3    | Got a scintillating graven amulet
 93551 | Elf:3    | Identified Sif Muna's Catalogue of the Snowflakes
 93565 | Elf:3    | Got a crude jade ring
 93579 | Elf:3    | Identified the ring "Cheor" {rPois Int+5} (You found it on level 3 of the Elven Halls)
 93589 | Elf:3    | Identified a +5 rod of fiery destruction (12/12) (You found it on level 3 of the Elven Halls)
 94145 | Lair:1   | Identified the amulet "Tukaos" {Inacc Hunger +Rage +Inv rC+ SInv} (You found it on level 3 of the Elven Halls)
 94216 | Lair:1   | Identified the +2 blowgun of Oquluh {speed, Str-2 Dex+3} (You found it on level 3 of the Elven Halls)
 94833 | Vaults:1 | Entered Level 1 of the Vaults
 94833 | Vaults:1 | Found Ipeom's Antique Armour Shop.
 94858 | Vaults:1 | Bought an embroidered cloak for 26 gold pieces
 94870 | Vaults:1 | Bought the +1 ratskin cloak {rPois rN+ Dex-1 Int-1} for 582 gold pieces
 95162 | Vaults:1 | Reached skill level 1 in Crossbows
 97374 | Vaults:2 | Noticed Frederick
 97607 | Vaults:2 | Killed Frederick
 99258 | Vaults:2 | Reached skill level 22 in Spellcasting
 99543 | Vaults:2 | Reached XP level 21. HP: 121/148 MP: 26/44
100687 | Vaults:3 | Found Noroa's Armour Shoppe.
101676 | Vaults:3 | Found a staircase to the Crypt.
101676 | Vaults:3 | Found a basalt altar of Yredelemnul.
101677 | Vaults:3 | Found an ancient bone altar of Kikubaaqudgha.
102978 | Vaults:4 | Noticed Agnes
102980 | Vaults:4 | Killed Agnes
105943 | Vaults:4 | Found a staircase to the Hall of Blades.
107804 | Vaults:5 | Entered Level 5 of the Vaults
107808 | Vaults:5 | Reached XP level 22. HP: 155/155 MP: 39/45
107927 | Vaults:5 | Reached skill level 23 in Spellcasting
108093 | Vaults:5 | Reached skill level 10 in Shields
108416 | Vaults:5 | Got a twitching steel ring
108526 | Vaults:5 | Got a warped scimitar
109091 | Vaults:5 | Identified Lehudib's Compendium of Confrontation and the Frostbite
109244 | Vaults:5 | Found Pnaipexi's Antique Armour Shoppe.
109405 | Vaults:5 | Got a silver rune of Zot
109590 | Vaults:5 | Identified the +6,+3 scimitar of the Shining Light {venom, +Rage MR++} (You took it off an ironbrand convoker on level 5 of the Vaults)
109593 | Vaults:5 | Identified Fryoss' Handbook of Arcane Weapons (You found it on level 5 of the Vaults)
109603 | Vaults:5 | Learned a level 6 spell: Freezing Cloud
109656 | Vaults:5 | Identified the ring of Qemiwief {rPois rC+ SInv} (You took it off a vault warden on level 5 of the Vaults)
111597 | D:22     | Gained mutation: Your body is misshapen. [mutagenic glow]
111734 | D:22     | Found Ghassizoi's Magic Scroll Boutique.
111749 | D:22     | Bought a scroll of remove curse for 39 gold pieces
111749 | D:22     | Bought a scroll of magic mapping for 45 gold pieces
111749 | D:22     | Bought a scroll of identify for 26 gold pieces
111749 | D:22     | Bought a scroll of identify for 26 gold pieces
111749 | D:22     | Bought a scroll of fear for 45 gold pieces
111749 | D:22     | Bought a scroll of remove curse for 39 gold pieces
111749 | D:22     | Bought a scroll of identify for 26 gold pieces
111749 | D:22     | Bought a scroll of identify for 26 gold pieces
111749 | D:22     | Bought a scroll of identify for 26 gold pieces
112485 | D:22     | Noticed Boris
112490 | D:22     | Killed Boris
112500 | D:22     | Found Tojagoh's Antique Weapon Boutique.
112759 | D:22     | Found Kleen's Gadget Shoppe.
112849 | D:23     | Reached XP level 23. HP: 161/161 MP: 30/46
113198 | D:23     | Found a one-way gate leading to the halls of Pandemonium.
113356 | D:23     | Reached skill level 24 in Spellcasting
113566 | D:23     | Got a pair of pitted boots
113570 | D:23     | Identified the -1 pair of boots of the Jackalope {Str+3 Dex+3 Acc+3} (You acquired it on level 23 of the Dungeon)
114337 | D:24     | Noticed Xtahua
114343 | D:24     | Killed Xtahua
114577 | D:24     | Noticed Jorgrun
114582 | D:24     | Killed Jorgrun
114583 | D:24     | Noticed Jory
114585 | D:24     | Killed Jory
117333 | D:25     | Entered Level 25 of the Dungeon
117333 | D:25     | Noticed Mennas
117336 | D:25     | Killed Mennas
117864 | D:25     | Noticed Wiglaf
117865 | D:25     | Reached skill level 25 in Spellcasting
117867 | D:25     | Killed Wiglaf
119600 | D:25     | Reached XP level 24. HP: 163/169 MP: 21/47
123421 | D:26     | Found a glowing silver altar of Zin.
123610 | D:26     | Learned a level 3 spell: Spider Form
123801 | D:27     | Entered Level 27 of the Dungeon
124377 | D:27     | Noticed Sojobo
124532 | D:27     | Killed Sojobo
124681 | D:27     | Reached skill level 26 in Spellcasting
125920 | D:27     | Found a bloodstained altar of Trog.
125991 | D:27     | Reached XP level 25. HP: 174/174 MP: 4/48
127077 | D:27     | Found Fonoud Schyo's Magical Wand Shoppe.
128199 | Lair:1   | Learned a level 8 spell: Chain Lightning
128609 | Slime:1  | Entered Level 1 of the Pits of Slime
129423 | Slime:3  | Paralysed by a giant eyeball for 3 turns
130353 | Slime:5  | Reached skill level 27 in Spellcasting
131394 | Slime:6  | Entered Level 6 of the Pits of Slime
131415 | Slime:6  | Killed the royal jelly
132790 | Slime:6  | Identified a +0 cloak of preservation (You found it on level 6 of the Pits of Slime)
132842 | Slime:6  | Got a transparent iron ring
132843 | Slime:6  | Identified the ring "Syirphei" {rC- AC+1} (You found it on level 6 of the Pits of Slime)
132847 | Slime:6  | Got a slimy rune of Zot
132956 | Slime:6  | Got an encrusted whip
132957 | Slime:6  | Identified the +1,+4 whip "Chilash" {pain, Stlth-} (You found it on level 6 of the Pits of Slime)
132965 | Slime:6  | Got a heavily runed copper ring
132966 | Slime:6  | Identified the ring "Shuv" {Ice rElec Dam-4} (You found it on level 6 of the Pits of Slime)
133828 | Crypt:1  | Entered Level 1 of the Crypt
134272 | Crypt:1  | Learned a level 3 spell: Regeneration
137310 | Crypt:2  | Reached XP level 26. HP: 182/182 MP: 22/49
139598 | Crypt:3  | Found a staircase to the Tomb.
140289 | Crypt:4  | Noticed Donald
140292 | Crypt:4  | Killed Donald
140303 | Crypt:4  | Found a magical portal.
140356 | WizLab   | Entered a wizard's laboratory
141250 | WizLab   | Identified the Disquisition on Destructive Weightlessness
141264 | WizLab   | Identified the Almanac of Harmful Feathers
142679 | Crypt:5  | Entered Level 5 of the Crypt
143219 | Crypt:5  | Found an ancient bone altar of Kikubaaqudgha.
143228 | Crypt:5  | Gained mutation: Your vision is a little blurry. [mutagenic glow]
144168 | Crypt:5  | Reached skill level 27 in Conjurations
144171 | Crypt:5  | Reached skill level 1 in Fighting
144823 | Crypt:5  | Identified the Collected Works on Venomous Summoning
145221 | Crypt:5  | Got a warped flail
145232 | Crypt:5  | Got a crystal halberd
145328 | Crypt:5  | Got a pair of polished boots
145334 | Crypt:5  | Identified the +0 pair of boots "Tralefedea" {+Rage Acc-2 Dam+4} (You found it on level 5 of the Crypt)
146228 | Lair:1   | Identified the +7,+5 flail of the Warrior-Mage {speed, rC+ Dex+2 Int+3} (You found it on level 5 of the Crypt)
146229 | Lair:1   | Identified the +7,+4 halberd of Twailass {slay drac, Hunger+ rElec rPois rF+ rC+ rN+} (You took it off a deep dwarf death knight on level 5 of the Crypt)
147042 | Zot:1    | Entered Level 1 of the Realm of Zot
147047 | Zot:1    | Reached XP level 27. HP: 202/202 MP: 49/49
147337 | Zot:1    | Reached skill level 15 in Fire Magic
147907 | Trove    | Entered a treasure trove
147912 | Trove    | Got a pair of dazzling boots
147914 | Trove    | Got a pair of steaming gloves
147918 | Trove    | Got a bloodstained large shield
147925 | Trove    | Got a faintly humming cloak
147937 | Trove    | Got a polished buckler
147941 | Trove    | Got a pair of smoking gloves
147945 | Trove    | Got a shimmering large shield
147955 | Trove    | Identified the -5 pair of boots of Day {rElec rC+ Str+2 Dam+4} (You found it in a treasure trove)
148030 | Lair:1   | Identified the +2 pair of gloves "Kosmiguz" {Dex+2 Int+3} (You found it in a treasure trove)
148044 | Lair:1   | Identified the +2 pair of gloves "Anweina" {+Inv rPois MR++ Dex+2} (You found it in a treasure trove)
148061 | Lair:1   | Identified a +1 pair of boots of running (You found it in a treasure trove)
148069 | Lair:1   | Identified a +1 pair of boots of running (You found it in a treasure trove)
148099 | Lair:1   | Identified the -2 large shield of Nihilism {Dex+3 Int+3 Acc+5} (You found it in a treasure trove)
148147 | Lair:1   | Identified the -2 large shield of the Princess {rF+ rC+ Stlth++} (You found it in a treasure trove)
148212 | Lair:1   | Identified the cursed -3 buckler of Hadjma {+Blink rPois MR++} (You found it in a treasure trove)
148253 | Lair:1   | Identified the +1 cloak of Nathysk {rN+} (You found it in a treasure trove)
149011 | Zot:1    | Got a pair of brightly glowing gloves
149030 | Zot:1    | Identified the +2 pair of gloves "Ciseadus" {rElec rN+} (You acquired it on level 1 of the Realm of Zot)
150403 | Lair:1   | Learned a level 8 spell: Lehudib's Crystal Spear
150446 | Lair:1   | Learned a level 2 spell: Swiftness
150456 | Lair:1   | Learned a level 2 spell: Sublimation of Blood
150479 | Lair:1   | Learned a level 4 spell: Iskenderun's Battlesphere
150484 | Lair:1   | Learned a level 4 spell: Control Teleport
151727 | Zot:2    | Reached skill level 5 in Fighting
151938 | Zot:2    | Noticed an orb of fire
151941 | Zot:2    | Gained mutation: You tend to lose your temper in combat. [an orb of fire]
151950 | Zot:2    | Gained mutation: You are dopey. (Int -2) [an orb of fire]
151955 | Zot:2    | HP: 4/209 [orb of fire/fireball (31)]
151956 | Zot:2    | Gained mutation: You have a fast metabolism. [an orb of fire]
151958 | Zot:2    | Gained mutation: Your body is slowly deteriorating. [an orb of fire]
151962 | Zot:2    | Killed from afar by an orb of fire

Action                   |  1- 3 |  4- 6 |  7- 9 | 10-12 | 13-15 | 16-18 | 19-21 | 22-24 | 25-27 || total
-------------------------+-------+-------+-------+-------+-------+-------+-------+-------+-------++-------
Melee: Unarmed           |     2 |       |       |       |       |       |       |       |    11 ||    13
       Short sword       |     4 |     1 |       |       |       |       |       |       |       ||     5
       Falchion          |       |    16 |       |       |       |       |       |       |       ||    16
       Sabre             |       |     3 |   307 |       |       |       |       |       |       ||   310
       Flail             |       |       |   151 |   161 |   220 |       |       |       |     5 ||   537
       Dagger            |       |       |       |    34 |     7 |    80 |    22 |    21 |    12 ||   176
       Scimitar          |       |       |       |       |       |       |    51 |       |       ||    51
 Fire: Blowgun           |       |       |    17 |       |       |       |       |       |       ||    17
Throw: Dagger            |       |       |       |     2 |       |       |       |       |       ||     2
 Cast: Flame Tongue      |    79 |   133 |   349 |   287 |   120 |       |       |       |       ||   968
       Conjure Flame     |       |     7 |    14 |    47 |    33 |     7 |       |       |       ||   108
       Throw Flame       |       |       |    38 |    75 |    20 |       |       |       |       ||   133
       Inner Flame       |       |       |     4 |    18 |    32 |     7 |       |       |       ||    61
       Fireball          |       |       |       |   305 |   610 |   173 |   794 |    75 |    32 ||  1989
       Mephitic Cloud    |       |       |       |     4 |       |       |       |       |       ||     4
       Iron Shot         |       |       |       |       |    66 |    31 |     1 |       |     6 ||   104
       Blink             |       |       |       |       |     2 |       |       |       |       ||     2
       Bolt of Fire      |       |       |       |       |    31 |     9 |       |       |       ||    40
       Bolt of Magma     |       |       |       |       |     1 |     2 |       |       |       ||     3
       Iskenderun's Myst |       |       |       |       |   331 |   923 |   204 |    24 |    47 ||  1529
       Ignite Poison     |       |       |       |       |     4 |   319 |     3 |       |       ||   326
       Delayed Fireball  |       |       |       |       |       |     5 |    11 |     6 |     3 ||    25
       Shroud of Golubri |       |       |       |       |       |     1 |       |       |     1 ||     2
       Orb of Destructio |       |       |       |       |       |    17 |    30 |    13 |     8 ||    68
       Fire Storm        |       |       |       |       |       |       |     2 |   355 |   485 ||   842
       Freezing Cloud    |       |       |       |       |       |       |       |    13 |       ||    13
       Chain Lightning   |       |       |       |       |       |       |       |       |     1 ||     1
       Sublimation of Bl |       |       |       |       |       |       |       |       |     6 ||     6
       Swiftness         |       |       |       |       |       |       |       |       |     2 ||     2
       Regeneration      |       |       |       |       |       |       |       |       |     1 ||     1
 Abil: Fly               |       |       |       |       |     1 |       |     1 |       |       ||     2
       Release Delayed F |       |       |       |       |       |     4 |    11 |     6 |     3 ||    24
       Stop Flying       |       |       |       |       |       |       |     1 |       |       ||     1
Evoke: Wand              |       |       |     2 |    19 |    24 |    20 |    34 |    11 |    15 ||   125
       Miscellaneous     |       |       |       |       |       |     3 |    12 |     9 |     6 ||    30
       Deck              |       |       |       |       |       |       |    12 |       |     2 ||    14
  Use: Scroll            |       |    10 |    16 |    16 |    31 |    20 |    21 |    21 |    39 ||   174
       Potion            |       |     3 |    15 |    21 |     5 |    15 |     8 |     7 |     2 ||    76
 Stab: Distracted        |       |       |       |     2 |       |       |       |       |       ||     2
